2203 views
Uploaded 2024-07-14 18:45:40
Game version 1.36 (6115)
17:51 long 1on1 ladder game on (4)TwistedMeadows_S2_v1.1
Saved by romanchelsea
2203 views
Uploaded 2024-07-14 18:45:40
Game version 1.36 (6115)
17:51 long 1on1 ladder game on (4)TwistedMeadows_S2_v1.1

29 units @ 4k
/ 0.5k
10 buildings @ 1.6k
/ 0.5k


| Rod of Necromancy | 1 | 150 |
| Potion of Healing | 1 | 150 |
| Orb of Corruption | 1 | 375 |
| Dust of Appearance | 1 | 75 |
| Boots of Speed | 1 | 250 |
| Wand of Negation | 1 | 0 |
| total: | 6 | 1000g |
| Acolyte | 12 | 900 | / | 0 |
| Crypt Fiend | 8 | 1720 | / | 320 |
| Ghoul | 5 | 600 | / | 0 |
| Obsidian Statue | 4 | 800 | / | 140 |
| total: | 29 | 4020g | / | 460w |
| Nerubian Tower | 1 | 100 | / | 20 |
| Spirit Tower | 2 | 290 | / | 80 |
| Altar of Darkness | 1 | 180 | / | 50 |
| Graveyard | 1 | 215 | / | 0 |
| Ziggurat | 5 | 750 | / | 250 |
| Tomb of Relics | 1 | 130 | / | 30 |
| Crypt | 1 | 200 | / | 50 |
| Slaughterhouse | 1 | 140 | / | 135 |
| Halls of the Dead | 1 | 320 | / | 210 |
| Black Citadel | 1 | 325 | / | 230 |
| total: | 10 | 1615g | / | 515w |
| 0:02 | Acolyte |
| 0:04 | Altar of Darkness |
| 0:07 | Graveyard |
| 0:17 | Ziggurat |
| 0:26 | Acolyte |
| 0:41 | Acolyte |
| 0:58 | Tomb of Relics |
| 1:03 | Acolyte |
| 1:28 | Crypt |
| 1:56 | Ziggurat |
| 1:58 | Nerubian Tower |
| 2:16 | Rod of Necromancy |
| 2:23 | Death Coil |
| 2:45 | Crypt Fiend |
| 2:53 | Ghoul |
| 2:54 | Ghoul |
| 3:25 | Cannibalize |
| 3:26 | Ghoul |
| 3:42 | Crypt Fiend |
| 4:32 | Halls of the Dead |
| 4:57 | Crypt Fiend |
| 5:21 | Crypt Fiend |
| 5:46 | Ziggurat |
| 6:22 | Spirit Tower |
| 6:26 | Crypt Fiend |
| 6:50 | Creature Attack |
| 6:53 | Black Citadel |
| 7:49 | Spirit Tower |
| 8:05 | Unholy Aura |
| 8:14 | Slaughterhouse |
| 8:56 | Frost Nova |
| 9:22 | Boots of Speed |
| 9:28 | Dust of Appearance |
| 9:34 | Obsidian Statue |
| 9:51 | Creature Carapace |
| 9:55 | Burrow |
| 10:30 | Frost Armor |
| 10:40 | Web |
| 10:49 | Destroyer Form |
| 11:00 | Acolyte |
| 11:09 | Wand of Negation |
| 11:19 | Acolyte |
| 11:44 | Ziggurat |
| 11:46 | Crypt Fiend |
| 11:58 | Potion of Healing |
| 12:36 | Obsidian Statue |
| 12:45 | Death Coil |
| 12:53 | Crypt Fiend |
| 13:05 | Obsidian Statue |
| 13:32 | Acolyte |
| 13:32 | Acolyte |
| 13:50 | Acolyte |
| 14:10 | Orb of Corruption |
| 14:33 | Disease Cloud |
| 14:46 | Obsidian Statue |
| 15:36 | Ziggurat |
| 15:41 | Crypt Fiend |
| 15:53 | Frost Nova |
| 16:02 | Acolyte |
| 16:49 | Acolyte |
| 17:33 | Frost Armor |
| 17:47 | Ghoul |
| 17:47 | Ghoul |
| 17:49 | Acolyte |
| Right click | 979 |
| Select | 430 |
| Select group | 287 |
| Build/train/purchase | 88 |
| Misc. action | 87 |
| Assign group | 44 |
| Use ability | 33 |
| Item give/drop | 4 |
| Remove unit | 4 |
| Esc | 3 |
17 units @ 3k
/ 0.4k
10 buildings @ 1.6k
/ 0.7k


| Healing Salve | 5 | 500 |
| Lesser Clarity Potion | 7 | 490 |
| Orb of Lightning | 1 | 375 |
| Potion of Healing | 1 | 150 |
| Scroll of Town Portal | 3 | 1050 |
| Circlet of Nobility | 1 | 175 |
| Boots of Speed | 1 | 250 |
| Potion of Lesser Invulnerability | 1 | 150 |
| total: | 20 | 3140g |
| Peon | 8 | 600 | / | 0 |
| Wind Rider | 9 | 2385 | / | 360 |
| total: | 17 | 2985g | / | 360w |
| Altar of Storms | 1 | 180 | / | 50 |
| Orc Burrow | 4 | 640 | / | 160 |
| Voodoo Lounge | 1 | 130 | / | 30 |
| War Mill | 1 | 205 | / | 0 |
| Beastiary | 2 | 290 | / | 280 |
| Spirit Lodge | 1 | 150 | / | 150 |
| Stronghold | 1 | 315 | / | 190 |
| Fortress | 1 | 325 | / | 190 |
| total: | 10 | 1595g | / | 670w |
| 0:03 | Altar of Storms |
| 0:03 | Peon |
| 0:04 | Peon |
| 0:11 | Orc Burrow |
| 0:18 | Peon |
| 0:38 | Peon |
| 0:39 | Peon |
| 0:52 | Voodoo Lounge |
| 1:07 | Peon |
| 1:20 | Peon |
| 1:45 | Peon |
| 2:06 | Healing Salve |
| 2:06 | Lesser Clarity Potion |
| 2:11 | Wind Walk |
| 2:26 | Stronghold |
| 2:30 | Orc Burrow |
| 2:43 | Circlet of Nobility |
| 3:02 | War Mill |
| 3:25 | Orc Burrow |
| 3:40 | Boots of Speed |
| 4:59 | Beastiary |
| 5:02 | Beastiary |
| 5:05 | Reinforced Defenses |
| 5:20 | Orc Burrow |
| 6:14 | Critical Strike |
| 6:25 | Wind Rider |
| 6:27 | Wind Rider |
| 6:30 | Lesser Clarity Potion |
| 6:34 | Scroll of Town Portal |
| 6:36 | Fortress |
| 6:41 | Lesser Clarity Potion |
| 7:24 | Wind Rider |
| 8:17 | Wind Rider |
| 8:18 | Wind Rider |
| 8:20 | Steel Ranged Weapons |
| 9:08 | Orb of Lightning |
| 9:09 | Healing Salve |
| 9:13 | Lesser Clarity Potion |
| 9:18 | Potion of Healing |
| 9:27 | Envenomed Spears |
| 10:18 | Wind Rider |
| 10:53 | Critical Strike |
| 10:54 | Wind Walk |
| 11:41 | Healing Salve |
| 11:49 | Lesser Clarity Potion |
| 11:56 | Wind Rider |
| 11:58 | Thorium Ranged Weapons |
| 12:08 | Wind Rider |
| 12:19 | Lesser Clarity Potion |
| 12:30 | Scroll of Town Portal |
| 12:38 | Wind Rider |
| 12:58 | Healing Wave |
| 13:57 | Hex |
| 14:08 | Healing Salve |
| 14:21 | Scroll of Town Portal |
| 14:27 | Lesser Clarity Potion |
| 14:28 | Healing Salve |
| 14:38 | Potion of Lesser Invulnerability |
| 14:59 | Spirit Lodge |
| 15:35 | Healing Wave |
| 15:45 | Steel Armor |
| 15:45 | Arcanite Ranged Weapons |
| 17:07 | Hex |
| Right click | 620 |
| Select | 335 |
| Misc. action | 151 |
| Build/train/purchase | 87 |
| Use ability | 32 |
| Assign group | 3 |
| Item give/drop | 2 |
| Remove unit | 1 |